Map: Blackburn LE

Players

Solar - Winner!

  • Race: Zerg Zerg
  • League: Master

ByuN

  • Race: Terran Terran

Event: StayAtHome Story Cup #4

VOD

Have the link to the VOD?

Description

Time

  • Played on: Oct. 24, 2021, 11:11 a.m.
  • Length: 24:34

All games in this series

Show
View Real Time Build Order
Export as new Build Order

Solar Zerg - Winner!

Build Orders: Hatch First 

Get SALT Encoding   

  12  0:00  Drone  
  13  0:12  Overlord  
  13  0:16  Drone  
  14  0:31  Drone x2  
  16  0:48  Hatchery  
  15  0:51  Drone  
  15  0:54  Drone  
  17  0:58  Drone  
  18  1:09  Extractor  
  17  1:13  Spawning Pool  
  17  1:16  Drone  
  17  1:20  Drone  
  18  1:28  Drone  
  19  1:40  Drone  
  20  1:50  Drone  
  21  1:59  Queen x2  
  21  2:00  Zergling x4  
  27  2:11  Overlord  
  27  2:13  Drone  
  28  2:22  Hatchery  
  28  2:25  Drone  
  28  2:30  Drone  
  28  2:36  Queen  
  31  2:42  Drone  
  31  2:44  Metabolic Boost  
  32  2:49  Overlord  
  32  2:51  Drone  
  33  2:54  Drone  
  33  2:56  Drone  
  35  2:58  Drone  
  36  3:09  Drone x2  
  36  3:10  Drone x3  
  41  3:16  Queen  
  42  3:20  Overlord  
  42  3:22  Drone  
  43  3:27  Overlord  
  43  3:34  Queen  
  43  3:35  Drone  
  43  3:36  Drone  
  43  3:37  Drone  
  43  3:40  Drone x2  
  50  3:42  Drone  
  50  3:44  Zergling x2  
  50  3:46  Zergling x2  
  50  3:47  Zergling x2  
  54  3:52  Queen  
  54  3:55  Drone x2  
  58  3:58  Drone x2  
  58  4:01  Overlord  
  60  4:04  Zergling x2  
  60  4:07  Zergling x4  
  63  4:11  Queen  
  65  4:18  Queen  
  65  4:20  Zergling x6  
  65  4:22  Overlord  
  70  4:26  Drone, Baneling Nest  
  70  4:28  Drone  
  70  4:29  Drone  
  72  4:34  Zergling x4  
  72  4:36  Overlord  
  74  4:40  Queen  
  74  4:45  Drone  
  73  4:47  Queen  
  73  4:49  Drone  
  73  4:51  Zergling x12  
  76  4:53  Zergling x2  
  76  4:56  Zergling x2  
  77  5:03  Drone  
  77  5:04  Drone  
  77  5:05  Drone  
  71  5:07  Lair  
  71  5:10  Drone  
  71  5:14  Drone  
  71  5:16  Drone  
  71  5:20  Drone, Extractor  
  72  5:21  Extractor  
  72  5:22  Spore Crawler  
  72  5:25  Queen  
  72  5:26  Spore Crawler  
  72  5:27  Drone x2  
  73  5:31  Hatchery, Spore Crawler  
  72  5:35  Drone x2  
  72  5:36  Evolution Chamber  
  72  5:37  Drone x3, Evolution Chamber  
  72  5:39  Drone x2  
  76  5:44  Drone x3  
  79  5:50  Overlord  
  79  5:53  Drone  
  79  5:54  Extractor x2  
  79  5:55  Drone x3  
  79  5:56  Drone  
  82  5:59  Overlord  
  82  6:02  Zerg Ground Armor Level 1  
  82  6:03  Zerg Melee Weapons Level 1  
  82  6:04  Drone  
  82  6:07  Overseer  
  82  6:08  Zergling x10  
  87  6:13  Drone  
  87  6:14  Drone x2  
  87  6:15  Centrifugal Hooks  
  90  6:19  Zergling x4  
  90  6:22  Overseer  
  90  6:23  Overlord  
  92  6:28  Drone x2  
  92  6:32  Pneumatized Carapace  
  94  6:34  Drone x2  
  94  6:35  Zergling x4  
  94  6:39  Overlord  
  98  6:42  Zergling x2  
  98  6:43  Queen, Zergling x6  
  98  6:44  Drone  
  98  6:46  Drone  
  106  6:51  Overlord  
  106  6:54  Drone x2  
  106  6:56  Spore Crawler, Drone  
  106  6:58  Baneling x7  
  106  6:59  Baneling x3  
  108  7:01  Baneling x2  
  108  7:02  Zergling x2  
  108  7:04  Zergling x14  
  108  7:08  Zergling x4  
  118  7:09  Overlord  
  118  7:10  Zergling x4  
  118  7:13  Drone  
  119  7:17  Zergling x2  
  119  7:18  Zergling x4  
  119  7:19  Zergling x2  
  119  7:21  Zergling x4  
  123  7:23  Hatchery  
  123  7:26  Drone x2  
  123  7:28  Overlord  
  124  7:32  Baneling, Overlord  
  124  7:34  Zergling x6  
  127  7:38  Drone  
  127  7:40  Drone, Overlord x2  
  127  7:42  Zergling x2  
  130  7:44  Baneling x2  
  130  7:47  Zergling x4  
  130  7:50  Overlord  
  132  7:51  Zergling x2  
  132  7:54  Drone  
  132  7:59  Zerg Ground Armor Level 2, Zerg Melee Weapons Level 2  
  132  8:01  Zergling x12  
  132  8:02  Baneling x2  
  132  8:05  Infestation Pit  
  137  8:06  Overlord  
  137  8:07  Zergling x18  
  146  8:13  Drone x2  
  146  8:15  Hatchery  
  146  8:16  Drone  
  146  8:18  Drone  
  148  8:22  Zergling x2  
  144  8:29  Zergling x6  
  144  8:33  Queen  
  142  8:34  Overseer  
  142  8:36  Zergling x4  
  142  8:37  Zergling x20  
  149  8:42  Hive  
  149  8:44  Drone x3  
  149  8:45  Baneling  
  149  8:46  Baneling x6  
  149  8:47  Zergling x4  
  155  8:48  Drone  
  144  8:56  Zergling x4  
  144  9:01  Extractor, Zergling x10  
  149  9:07  Drone x2  
  149  9:08  Zergling x6  
  154  9:10  Overlord  
  154  9:11  Zergling x10  
  154  9:16  Zergling x4  
  154  9:17  Zergling x6  
  162  9:18  Baneling x9  
  162  9:22  Zergling x8  
  165  9:25  Zergling x2  
  165  9:28  Hatchery  
  165  9:29  Zergling x10  
  165  9:31  Baneling x2  
  169  9:32  Zergling x6  
  165  9:39  Zergling x4  
  165  9:43  Baneling x2, Zergling x8  
  165  9:44  Drone x2  
  169  9:46  Drone  
  169  9:47  Overlord  
  169  9:50  Drone  
  169  9:53  Zergling x4  
  169  9:54  Zergling x10, Adrenal Glands  
  169  9:55  Spore Crawler  
  169  9:56  Viper x2  
  169  9:57  Ultralisk Cavern  
  169  9:58  Zergling x8  
  184  10:00  Overlord  
  184  10:05  Drone  
  184  10:06  Zergling x8  
  188  10:10  Overlord  
  188  10:12  Drone x2  
  187  10:14  Zergling x2  
  187  10:15  Zergling x6  
  191  10:25  Hatchery  
  191  10:29  Drone x3, Extractor  
  193  10:37  Zergling x14  
  193  10:38  Baneling x6, Spire  
  199  10:43  Chitinous Plating  
  199  10:51  Drone  
  197  10:59  Zergling x8  
  200  11:05  Zerg Melee Weapons Level 3, Zerg Ground Armor Level 3  
  196  11:13  Zergling x4  
  196  11:14  Zergling x4  
  195  11:25  Zergling x4, Ultralisk  
  199  11:27  Extractor  
  198  11:35  Zergling x4  
  200  11:49  Zergling x2  
  200  11:53  Zerg Flyer Weapons Level 1  
  197  12:02  Anabolic Synthesis  
  197  12:03  Zergling x10  
  199  12:12  Spore Crawler  
  198  12:16  Baneling x2  
  198  12:21  Zergling x4  
  189  12:36  Ultralisk x2  
  189  12:37  Zergling x2  
  163  12:38  Zergling x16  
  163  12:39  Zergling x26  
  163  12:41  Zergling x2  
  163  12:42  Zergling x40  
  187  12:49  Zergling x4, Ultralisk  
  187  12:51  Zergling x2  
  187  12:52  Zergling x6  
  190  13:00  Baneling x27  
  190  13:01  Baneling x6, Corruptor x4  
  190  13:04  Drone  
  199  13:17  Baneling x2  
  199  13:18  Baneling x10  
  197  13:27  Drone x3  
  197  13:30  Hatchery  
  198  13:40  Zergling x6  
  199  13:42  Drone x3  
  199  13:45  Drone x3  
  200  13:53  Baneling x4  
  200  13:54  Baneling x3  
  186  14:08  Corruptor x8  
  160  14:11  Zergling x46, Ultralisk x2  
  160  14:15  Zergling x2  
  178  14:19  Corruptor  
  178  14:21  Baneling x7, Zergling x8  
  178  14:22  Zergling x16  
  190  14:27  Zergling x2  
  190  14:32  Drone x2  
  190  14:35  Zergling x2  
  190  14:36  Zergling x12  
  199  14:46  Baneling  
  199  14:47  Overseer x5  
  199  14:53  Baneling x3  
  199  14:56  Hatchery, Baneling x9  
  199  14:58  Zerg Flyer Weapons Level 2  
  190  15:07  Zergling x16  
  190  15:08  Zergling x2  
  190  15:13  Ultralisk  
  190  15:14  Zergling x30  
  172  15:16  Zergling x8  
  172  15:19  Corruptor  
  172  15:20  Corruptor  
  176  15:23  Zergling x18  
  176  15:25  Drone x2  
  176  15:27  Zergling x2  
  188  15:31  Baneling x12  
  188  15:32  Baneling, Zergling x12  
  192  15:38  Zergling x8  
  196  15:43  Baneling  
  196  15:44  Baneling x5, Zergling x6  
  199  16:01  Zergling x4  
  179  16:06  Zergling x20  
  179  16:09  Zergling x2  
  179  16:10  Zergling x24  
  170  16:14  Pathogen Glands  
  170  16:16  Drone x3  
  166  16:21  Drone x2  
  166  16:22  Extractor  
  166  16:23  Extractor  
  166  16:24  Spire  
  166  16:25  Overlord  
  165  16:31  Drone x4  
  169  16:33  Zergling x24  
  175  16:54  Extractor x2  
  174  16:56  Drone x4, Extractor  
  174  16:57  Burrow, Extractor, Infestor x4  
  183  17:07  Viper  
  183  17:08  Corruptor x2  
  186  17:10  Drone x3  
  186  17:14  Hatchery  
  192  17:16  Spore Crawler  
  192  17:17  Spore Crawler  
  192  17:18  Greater Spire  
  179  17:41  Zerg Flyer Armor Level 1  
  178  17:55  Spore Crawler x2  
  173  18:08  Infestor  
  173  18:09  Infestor  
  177  18:16  Extractor  
  177  18:17  Spore Crawler  
  177  18:18  Spore Crawler, Corruptor  
  177  18:19  Extractor  
  176  18:27  Drone  
  176  18:31  Brood Lord x11  
  176  18:32  Overseer x2, Zerg Flyer Weapons Level 3  
  176  18:33  Overseer x2  
  199  18:35  Brood Lord  
  197  18:47  Corruptor x3  
  199  19:05  Drone x2  
  187  19:18  Corruptor x3  
  193  19:29  Brood Lord x5  
  194  19:54  Corruptor x3  
  198  20:04  Brood Lord  
  200  20:09  Zerg Flyer Armor Level 2  
  192  20:40  Brood Lord x4  
  200  20:49  Infestor x2  
  196  20:50  Infestor  
  197  20:57  Corruptor  
  177  21:11  Infestor x2  
  177  21:14  Zergling x18  
  156  21:25  Corruptor  
  156  21:26  Corruptor x5  
  168  21:34  Corruptor x2, Viper  
  168  21:37  Brood Lord x2  
  179  21:46  Zergling x14  
  179  21:47  Zergling x2  
  177  22:03  Spore Crawler  
  177  22:04  Spore Crawler  
  177  22:06  Brood Lord, Corruptor  
  177  22:07  Hatchery, Brood Lord x7, Corruptor x3  
  198  22:18  Zergling x4  
  198  22:21  Zergling x2  
  198  22:22  Zergling x6  
  199  22:26  Overseer  
  199  22:27  Overseer  
  196  22:30  Infestor x2  
  184  22:55  Extractor  
  179  23:00  Brood Lord x4  
  179  23:01  Corruptor x3  
  179  23:02  Corruptor x3  
  199  23:06  Zergling x2  
  200  23:15  Zergling x2  
  193  24:00  Corruptor x4  
  193  24:04  Zergling x14  
Show
View Real Time Build Order
Export as new Build Order

ByuN Terran 

Build Orders: Hellion Opening 

Get SALT Encoding   

  12  0:00  SCV  
  13  0:12  SCV  
  14  0:17  Supply Depot  
  14  0:24  SCV  
  15  0:38  SCV, Barracks  
  16  0:43  Refinery  
  16  0:50  SCV  
  17  1:02  SCV  
  18  1:15  SCV  
  19  1:26  Barracks Reactor  
  19  1:27  Orbital Command  
  19  1:38  Command Center  
  19  1:52  SCV  
  19  1:53  Supply Depot  
  20  2:03  Marine  
  20  2:04  Factory  
  20  2:05  Marine  
  23  2:08  SCV  
  23  2:20  SCV  
  23  2:22  Marine  
  25  2:23  Marine  
  26  2:32  SCV  
  26  2:34  Refinery  
  27  2:44  SCV  
  28  2:51  Starport  
  28  2:54  Marine  
  28  2:55  Hellion x2  
  28  2:56  SCV  
  34  3:09  Orbital Command  
  34  3:15  Marine  
  34  3:16  SCV, Hellion x2  
  40  3:24  Supply Depot  
  40  3:28  Medivac  
  40  3:31  SCV  
  40  3:33  Marine  
  44  3:38  Armory  
  44  3:46  Hellion  
  44  3:48  Hellion  
  48  3:50  SCV  
  48  3:51  SCV  
  48  3:54  Marine  
  51  3:59  Starport Tech Lab  
  51  4:00  Supply Depot  
  51  4:03  SCV x2  
  53  4:15  SCV  
  54  4:21  SCV, Hellion  
  57  4:27  SCV, Hellion  
  60  4:33  SCV  
  61  4:39  SCV  
  61  4:43  Hellion  
  60  4:45  SCV  
  60  4:51  SCV  
  61  4:57  Supply Depot, SCV  
  61  4:59  Hellion  
  62  5:01  Banshee  
  62  5:03  SCV  
  62  5:05  Hellion  
  57  5:10  SCV  
  57  5:11  Barracks Tech Lab  
  56  5:15  SCV  
  56  5:19  Command Center  
  56  5:21  Supply Depot  
  56  5:22  SCV  
  56  5:27  SCV  
  58  5:30  Marine, Stimpack  
  58  5:33  Barracks  
  58  5:34  SCV  
  60  5:36  Factory Reactor  
  60  5:38  Barracks  
  60  5:39  SCV, Engineering Bay  
  60  5:40  Engineering Bay  
  61  5:47  Marine  
  61  5:48  SCV, Refinery x2  
  63  5:52  Starport Reactor  
  63  5:53  Supply Depot  
  63  5:58  SCV  
  63  6:00  SCV  
  65  6:05  Marine  
  66  6:12  SCV x2  
  66  6:14  Barracks  
  66  6:16  Supply Depot, Barracks  
  66  6:18  Terran Infantry Weapons Level 1  
  68  6:20  Terran Infantry Armor Level 1  
  68  6:23  Marine  
  68  6:24  SCV x2  
  71  6:28  Siege Tank  
  71  6:29  Marine x2  
  76  6:34  Orbital Command  
  76  6:36  SCV x2  
  78  6:41  Marine  
  78  6:42  Marine x2  
  81  6:47  Marine x2, Medivac x2  
  81  6:50  SCV x2  
  89  6:55  Supply Depot  
  89  6:59  Marine  
  89  7:00  SCV  
  91  7:01  Supply Depot  
  91  7:02  SCV x2  
  91  7:03  Siege Tank  
  91  7:05  Barracks Reactor  
  91  7:06  Barracks Reactor  
  96  7:13  SCV  
  96  7:14  SCV  
  96  7:15  SCV  
  99  7:19  Marine x4  
  99  7:20  Marine  
  104  7:25  SCV, Medivac x2  
  104  7:26  SCV  
  104  7:27  SCV  
  111  7:35  Factory  
  111  7:36  Marine  
  111  7:37  SCV, Marine  
  111  7:39  SCV x2  
  111  7:40  Armory  
  111  7:41  Terran Vehicle Weapons Level 1  
  111  7:42  Marine x5  
  111  7:43  Marine x2  
  123  7:49  SCV  
  124  7:55  Marine x2  
  125  8:00  Refinery x2  
  125  8:01  Supply Depot  
  125  8:03  Supply Depot  
  125  8:04  Marine x5  
  133  8:09  Combat Shield  
  133  8:10  Marine  
  131  8:17  Marine  
  131  8:19  Command Center  
  132  8:22  Marine x7  
  132  8:26  Factory Tech Lab  
  136  8:28  Marine  
  136  8:33  Siege Tank  
  138  8:35  Marine, Medivac x2  
  138  8:37  Terran Infantry Weapons Level 2  
  138  8:39  Marine  
  138  8:40  Marine  
  145  8:42  Terran Infantry Armor Level 2  
  145  8:46  Siege Tank  
  147  8:58  Marine x4  
  147  8:59  Marine x3  
  144  9:03  Supply Depot x2, Marine  
  144  9:04  Marine  
  144  9:05  Siege Tank  
  149  9:18  Barracks  
  149  9:19  Barracks  
  149  9:20  SCV x3  
  149  9:24  Barracks  
  152  9:30  Marine  
  152  9:31  Marine x3  
  155  9:34  Siege Tank  
  155  9:37  Siege Tank  
  161  9:42  Marine  
  150  9:51  Terran Vehicle Weapons Level 2  
  150  9:53  SCV x3  
  153  10:00  Sensor Tower  
  153  10:05  Marine  
  153  10:06  Barracks Tech Lab, Marine x4, Siege Tank  
  161  10:07  Barracks Tech Lab, Marine  
  161  10:10  Siege Tank  
  161  10:18  Planetary Fortress  
  161  10:20  Missile Turret  
  161  10:22  Sensor Tower  
  161  10:23  Marine  
  161  10:24  Marine x2  
  155  10:36  SCV x3  
  155  10:38  Siege Tank  
  155  10:39  Refinery  
  155  10:40  Refinery  
  155  10:42  Siege Tank  
  164  10:44  Barracks Tech Lab, Marauder x2  
  164  10:45  Marauder  
  164  10:46  Marine  
  164  10:47  Marine x6  
  177  10:56  Terran Infantry Weapons Level 3  
  177  11:00  Medivac x2  
  177  11:03  Ghost Academy  
  180  11:10  Siege Tank  
  183  11:13  Marauder x2  
  187  11:21  Marauder  
  187  11:22  Marauder  
  187  11:23  Terran Infantry Armor Level 3  
  182  11:27  Supply Depot x2  
  182  11:32  Command Center  
  177  11:34  Marauder  
  177  11:44  Ghost, Command Center  
  177  11:45  Ghost  
  181  11:47  Ghost  
  181  11:52  Medivac x2  
  187  11:57  Siege Tank x2  
  190  12:08  Terran Vehicle Weapons Level 3  
  190  12:09  Ghost  
  192  12:20  Command Center  
  192  12:28  Concussive Shells  
  185  12:30  Ghost  
  185  12:31  Ghost  
  185  12:34  Ghost  
  185  12:35  Marine x2  
  185  12:36  Marine  
  168  12:37  Ghost  
  168  12:40  Marine x2  
  168  12:41  Marine  
  157  12:44  SCV  
  157  12:45  SCV x2  
  150  12:57  SCV x2  
  152  13:00  Marauder x2  
  152  13:03  Ghost, Marine x6  
  164  13:06  Ghost  
  164  13:09  SCV, Orbital Command  
  166  13:13  Siege Tank  
  166  13:14  Siege Tank  
  172  13:22  Marine x6  
  172  13:23  Missile Turret, Marine  
  172  13:24  Missile Turret  
  179  13:28  Liberator  
  179  13:31  Ghost x2  
  179  13:33  Ghost  
  188  13:37  Ghost  
  187  13:47  Marine x2  
  187  13:48  Planetary Fortress, Marine x3  
  182  14:00  Ghost x2  
  183  14:07  Siege Tank  
  183  14:09  Ghost x2  
  155  14:19  Marine x2  
  155  14:20  Marine x2  
  155  14:21  Marine  
  155  14:23  Marine x2  
  162  14:24  Siege Tank  
  162  14:27  Orbital Command  
  162  14:28  Ghost x2  
  167  14:32  SCV x3  
  167  14:35  Command Center  
  170  14:39  Siege Tank  
  170  14:44  SCV, Ghost  
  176  14:46  SCV, Refinery  
  176  14:47  SCV, Refinery  
  176  14:51  Marine x3  
  176  14:52  Marine x2  
  183  14:56  SCV, Siege Tank  
  183  14:58  Missile Turret  
  187  15:02  Terran Vehicle And Ship Armor Level 1  
  186  15:11  Siege Tank  
  168  15:20  SCV x3  
  171  15:27  Ghost  
  173  15:28  Siege Tank  
  173  15:29  Ghost  
  173  15:31  Orbital Command  
  178  15:43  Command Center, Siege Tank  
  178  15:46  Command Center  
  181  15:52  Sensor Tower  
  181  15:59  Missile Turret  
  181  16:00  Missile Turret, Orbital Command  
  181  16:01  Siege Tank  
  148  16:15  Siege Tank  
  148  16:16  SCV x2  
  153  16:23  SCV  
  154  16:28  SCV  
  155  16:33  Siege Tank  
  158  16:40  Personal Cloaking  
  158  16:47  Siege Tank, Liberator  
  158  16:49  SCV x2  
  158  16:51  SCV  
  158  16:53  Refinery  
  167  17:01  Orbital Command  
  167  17:04  Orbital Command  
  167  17:05  Siege Tank  
  167  17:08  Orbital Command  
  170  17:11  Command Center  
  170  17:12  Liberator  
  170  17:14  Orbital Command  
  173  17:17  Missile Turret  
  173  17:19  SCV x3  
  176  17:23  Siege Tank  
  176  17:24  Terran Vehicle And Ship Armor Level 2  
  176  17:27  Missile Turret  
  179  17:30  Refinery  
  179  17:38  Command Center  
  179  17:41  Ghost x2  
  183  17:45  SCV  
  183  17:46  SCV  
  183  17:47  SCV  
  184  18:01  Thor  
  190  18:10  Sensor Tower  
  190  18:17  Ghost x2  
  194  18:23  Thor  
  197  18:53  Orbital Command  
  197  18:56  Command Center  
  197  19:00  Ghost  
  196  19:18  Ghost x2  
  196  19:19  Enhanced Shockwaves  
  193  19:27  Ghost  
  193  19:28  Ghost  
  187  19:47  Ghost x2  
  187  19:49  SCV  
  187  19:50  SCV x4  
  194  20:02  SCV x2  
  198  20:20  Thor  
  196  20:26  Orbital Command  
  187  20:29  Thor  
  192  20:37  Ghost x2  
  192  20:39  Marine x3  
  182  20:46  SCV  
  182  20:47  SCV  
  179  20:51  SCV  
  179  20:56  SCV  
  176  21:03  Thor  
  176  21:04  SCV x2  
  164  21:12  Thor  
  164  21:29  Orbital Command  
  164  21:31  Ghost x3  
  166  21:32  Marine  
  166  21:33  Marine x5  
  166  21:35  SCV  
  166  21:38  SCV  
  174  21:46  Thor  
  178  21:54  SCV x5  
  182  22:07  Thor  
  188  22:09  Marine x2  
  188  22:10  Marine  
  188  22:12  Sensor Tower  
  191  22:17  Marine  
  186  22:28  Sensor Tower  
  186  22:29  Thor  
  182  22:49  Thor  
  179  22:52  SCV  
  174  23:00  Marine x2  
  174  23:01  Marine x6  
  174  23:05  SCV x2  
  184  23:06  Refinery  
  184  23:07  SCV, Refinery  
  184  23:08  Command Center  
  184  23:09  Command Center  
  184  23:12  Thor, SCV  
  191  23:13  SCV  
  191  23:17  SCV x2  
  191  23:19  SCV  
  190  23:20  SCV  
  190  23:24  SCV  
  190  23:25  SCV  
  193  23:29  SCV  
  193  23:32  Thor  
  193  23:47  Marine x9  
  186  24:01  Ghost x3  
  166  24:05  Marine x7  
  166  24:08  Marine  
Tags
 
Add a new tag
Caveats
  • Supply blocks, unpowered buildings, or Contaminate may cause inaccurate times.
  • Supply counts are checked every 10 seconds.